 Dungeon Crawl Stone Soup version 0.27.0-1-g7a08968 (webtiles) character file.

Game seed: 8017454032967093288

634205 PidgeyThePirate the Minotaur Blade (level 26, -30/250 HPs)
             Began as a Minotaur Berserker on Aug 11, 2021.
             Was a High Priest of Trog.
             Killed from afar by an ancient lich (98 damage)
             ... with a crystal spear
             ... on level 5 of the Vaults.
             The game lasted 03:27:28 (55726 turns).

PidgeyThePirate the Minotaur Blade (MiBe)          Turns: 55726, Time: 03:27:28

Health: -30/250    AC: 31    Str: 25    XL:     26   Next: 30%
Magic:  22/22      EV: 23    Int:  7    God:    Trog [*****.]
Gold:   3607       SH: 20    Dex: 17    Spells: 25/25 levels left

rFire    . . .     SeeInvis .   t - +9 demon blade (vamp)
rCold    + . .     Faith    .   x - +0 kite shield {rC+}
rNeg     + . .     Spirit   .   V - +7 scale mail "Yffiamih" {rN+ Slay+5}
rPois    +         Reflect  +   L - +2 hat
rElec    .         Harm     .   p - +2 cloak {rCorr}
rCorr    +         Rampage  ∞   u - +2 pair of gloves {Str+3}
Will     +++++                  O - +3 pair of seven-league boots {Rampage+∞}
Stlth    ..........             I - amulet of reflection
HPRegen  1.51/turn              S - ring "Qiqid" {+Blink rPois Will+ Slay+2}
MPRegen  0.18/turn              E - ring of willpower

@: strong-willed, corroded, regenerating, studying Spellcasting
A: horns 2, retaliatory headbutt, screaming 1, shaggy fur 1, weak 1
}: 5/15 runes: decaying, serpentine, slimy, silver, abyssal
a: Renounce Religion, Evoke Blink, Berserk, Trog's Hand, Brothers in Arms


You were on level 5 of the Vaults.
You worshipped Trog.
Trog was extremely pleased with you.
You visited 10 branches of the dungeon, and saw 48 of its levels.
You visited the Abyss 2 times.
You visited 1 bazaar.
You also visited: Sewer, Bailey, Gauntlet and Ice Cave.

You collected 8296 gold pieces.
You spent 4689 gold pieces at shops.

Inventory:

Hand Weapons
 t - a +9 vampiric demon blade (weapon)
Missiles
 c - 22 silver javelins (quivered)
 N - 76 boomerangs
Armour
 p - a +2 cloak of preservation (worn)
 u - a +2 pair of gloves of strength (worn)
 x - a +0 kite shield of cold resistance (worn)
 y - quicksilver dragon scales
 L - a +2 hat (worn)
 O - the +3 pair of seven-league boots (worn) {Rampage+∞}
   (You found it on level 6 of the Lair of Beasts)

   Its wearer moves as far as possible in that direction when moving towards
   enemies.
 V - the +7 scale mail "Yffiamih" (worn) {rN+ Slay+5}
   (You bought it in a shop on level 2 of the Vaults)

   Slay:      It affects your accuracy & damage with ranged weapons and melee
   (+5).
   rN:        It protects you from negative energy.
Jewellery
 s - a ring of protection from fire
 E - a ring of willpower (right hand)
 I - an amulet of reflection (around neck)
 S - the ring "Qiqid" (left hand) {+Blink rPois Will+ Slay+2}
   (You found it on level 3 of the Swamp)

   [ring of willpower]

   Slay:      It affects your accuracy & damage with ranged weapons and melee
   (+2).
   rPois:     It protects you from poison.
   +Blink:    It lets you blink.
   Will:      It increases your willpower.
 W - a ring of positive energy
 Z - a +4 ring of evasion
Wands
 b - a wand of paralysis (55)
 d - a wand of digging (8)
 f - a wand of polymorph (19)
 D - a wand of charming (19)
 F - a wand of acid (31)
 P - a wand of iceblast (81)
 T - a wand of mindburst (48)
 X - a wand of flame (12)
Scrolls
 g - 2 scrolls of enchant weapon
 h - 2 scrolls of blinking
 i - 5 scrolls of holy word
 m - 9 scrolls of magic mapping
 w - 6 scrolls of fog
 z - 8 scrolls of fear
 A - 3 scrolls of summoning
 H - 3 scrolls of torment
 K - 4 scrolls of identify
 Q - 7 scrolls of teleportation
 U - 3 scrolls of silence
 Y - 4 scrolls of immolation
Potions
 a - 4 potions of berserk rage
 e - 5 potions of invisibility
 j - 5 potions of magic
 k - 19 potions of curing
 l - 10 potions of haste
 n - 5 potions of might
 o - 2 potions of ambrosia
 v - 8 potions of flight
 B - 3 potions of mutation
 C - 2 potions of cancellation
 J - 7 potions of heal wounds
 M - 6 potions of resistance
Miscellaneous
 q - a box of beasts
 r - a phantom mirror
 G - a condenser vane
 R - a lightning rod (4/4)


   Skills:
 - Level 23.0 Fighting
 - Level 24.0 Long Blades
 - Level 16.0 Throwing
 - Level 22.0 Armour
 - Level 22.0 Dodging
 - Level 1.0 Stealth
 - Level 15.0 Shields
 * Level 19.6 Evocations


You had 25 spell levels left.
You didn't know any spells.
Your spell library was empty.

Dungeon Overview and Level Annotations

Branches:
Dungeon (15/15)            Temple (1/1) D:6            Lair (6/6) D:10
  Swamp (4/4) Lair:2        Snake (4/4) Lair:4        Slime (5/5) Lair:6
    Orc (2/2) D:9             Elf (3/3) Orc:2        Vaults (5/5) D:13
  Crypt (3/3) Vaults:3       Tomb (0/3) Crypt:3      Depths (0/5) D:15
  Sewer (visited)          Bailey (visited)           IceCv (visited)
Gauntlet (visited)

Altars:
Cheibriados
Elyvilon
Gozag
Okawaru
Trog
Uskayaw
Vehumet
Xom
Zin
Beogh
Jiyva
Lugonu

Shops:
D:3 (   D:9 [   D:10 [   D:15 ?   Orc:1 [   Orc:2 !::*   Vaults:1 *
Vaults:2 [   Vaults:3 [

Portals:
Abyss: Lair:6


Innate Abilities, Weirdness & Mutations

You have a pair of horns on your head.
You reflexively headbutt those who attack you in melee.
You occasionally shout uncontrollably at your foes.
You are covered in fur. (AC +1)
You are weak. (Str -2)


Message History

A bolt of acid appears from out of thin air!
The bolt of acid hits you!! You resist. The acid corrodes you!
You are splashed with acid!
You resist.
Something touches you but does no damage.
The shadow demon hits you.
The shadow dragon breathes negative energy at you.
The bolt of negative energy hits you but does no damage.
You resist.
Something touches you but does no damage.
Something touches you.
The shadow demon gestures.
The balrug gestures at you. Something smites you!
Something touches you but does no damage.
You hear some strange, mumbled words.
A crystal spear appears from out of thin air!
The crystal spear hits you!!!! The frost giant casts a spell at you.
The bolt of cold hits something!
The bolt of cold hits you. You resist.
The shadow dragon bites you but does no damage.
The shadow dragon claws you.
The shadow dragon claws you but does no damage.
The frost giant dissolves into shadows!
The wolf spider changes into a spark wasp!
The ettin dissolves into shadows!
Something touches you but does no damage. x2
The shadow demon hits you but does no damage.
The tengu reaver hits you with a +0 great sword!
* * * LOW HITPOINT WARNING * * *
The tengu reaver pecks you but does no damage.
The tengu reaver claws you but does no damage.
The shadow dragon bites you.
* * * LOW HITPOINT WARNING * * *
The shadow dragon claws you but does no damage.
The shadow dragon claws you.
You turn to flesh and can move again.
The spark wasp changes into an ettin!
You hear some strange, mumbled words.
A crystal spear appears from out of thin air!
The crystal spear hits you!!!!
You die...

.# .. .^ #....#....... # .
.###... ..##....#.......## .....
#..#....#.......#. # ...
#..#....#..... ##. #####.#####.
##..#........ ###.. ....[.......
...#....#.####.... ............
.21....)...TC§....
#################D{...)..#e#C####
................@.{p.......X...
.......!........Q.2.C............
#################################


You could see a shadow dragon (summoned), a tengu reaver (summoned), an ettin
shaped shifter (summoned), an Executioner (summoned), a shadow demon (summoned)
and a vault sentinel (summoned).

Vanquished Creatures
  4 ancient liches
  The ghost of royokou the Executioner, a veteran MiFi of Makhleb (Vaults:1)
  Bai Suzhen (Swamp:3)
  Xtahua (Crypt:1)
  Vashnia (Snake:3)
  A curse toe (Crypt:3)
  Rupert (D:15)
  A Hell Sentinel (Abyss:4)
  2 tentacled monstrosities (Vaults:5)
  2 deep elf blademasters (Elf:3)
  2 liches (Crypt:3)
  3 quicksilver dragons (Vaults:5)
  5 ancient champions
  2 deep elf master archers (Elf:3)
  5 titans (Vaults:5)
  22 acid blobs
  A kraken (Abyss:4)
  A sphinx (shapeshifter) (Vaults:1)
  Gastronok (Lair:3)
  3 sphinxes
  2 thorn hunters (Swamp:3)
  2 storm dragons (Vaults:5)
  2 shadow dragons (Vaults:5)
  5 fire giants
  9 tengu reavers
  2 revenants
  6 azure jellies
  7 nagarajas
  A fenstrider witch (Swamp:2)
  An iron dragon (Vaults:1)
  9 rockslimes
  11 deep elf sorcerers
  14 vault wardens
  3 ghouls
  A cacodemon (Abyss:4)
  4 frost giants
  3 orc warlords
  Louise (Elf:1)
  4 curse skulls
  16 ironbound preservers
  11 quicksilver oozes
  2 draconian shifters (Crypt:2)
  2 war gargoyles (Vaults:2)
  6 deep elf elementalists
  A juggernaut skeleton (Crypt:3)
  3 stone giants (Vaults:5)
  The ghost of BoldKobold the Corrupter of Planes, a journeyman TrHu of Lugonu (Orc:1)
  11 deep elf demonologists
  A draconian annihilator (Crypt:2)
  4 entropy weavers
  10 very ugly things
  5 vampire knights
  4 bunyips
  14 deep elf annihilators
  4 dire elephants
  A bunyip (shapeshifter) (Vaults:5)
  A minotaur (Gauntlet)
  A spark wasp (shapeshifter) (Vaults:3)
  A white draconian (IceCv)
  6 ettins
  A blizzard demon (Abyss:4)
  Snorg (Orc:1)
  A mummy priest (Crypt:3)
  5 eleionomae
  6 deep elf death magi
  4 eidola
  9 jiangshi
  7 deep elf high priests
  A merfolk impaler (Abyss:4)
  3 shambling mangroves
  5 great orbs of eyes
  13 yaktaur captains
  9 ironbound thunderhulks
  Fannar (Orc:1)
  An ice dragon (shapeshifter) (Vaults:5)
  7 ice dragons
  A peacekeeper (Vaults:2)
  11 boulder beetles
  20 hydras
  34 vault guards
  13 naga warriors
  15 ironbound frosthearts
  3 salamander tyrants
  5 ogre magi
  Erica (D:8)
  16 centaur warriors
  15 two-headed ogres
  An anaconda (shapeshifter) (Vaults:5)
  2 spriggan air magi (Crypt:2)
  A catoblepas (Lair:3)
  4 ghost crabs
  A merfolk aquamancer (Crypt:2)
  28 dancing weapons
  3 deep troll earth magi
  9 death yaks
  5 anacondas
  12 vampire magi
  A death knight (Crypt:2)
  8 alligators
  A spriggan berserker (Swamp:3)
  Urug (D:12)
  5 tengu warriors
  5 shock serpents
  An orc high priest (Vaults:2)
  3 ironbound beastmasters
  20 naga sharpshooters
  Sonja (D:10)
  10 soul eaters
  2 thrashing horrors (Lair:6)
  12 deep elf knights
  A fire crab (shapeshifter) (D:9)
  A titan skeleton (Crypt:3)
  2 sixfirhies (Abyss:4)
  14 skeletal warriors
  A shadow wraith (Crypt:1)
  A golden dragon zombie (Crypt:1)
  6 goliath frogs
  2 flayed ghosts
  3 spriggan druids
  5 salamander mystics
  37 deep trolls
  6 naga ritualists
  11 swamp dragons
  Pikel (D:5)
  A glowing orange brain (shapeshifter) (Elf:1)
  An orange crystal statue (IceCv)
  4 glowing orange brains
  21 ironbound convokers
  3 lindwurms (Vaults:3)
  An obsidian statue (Vaults:1)
  10 wizards
  A bog body (Crypt:2)
  4 orc sorcerers
  8 deep elf archers
  2 phantasmal warriors
  5 large abominations
  5 necromancers
  5 will-o-the-wisps
  12 orc knights
  25 deep elf zephyrmancers
  27 deep elf pyromancers
  A frost giant zombie (Crypt:3)
  8 mana vipers
  6 shining eyes
  44 ugly things
  18 salamanders
  A wolf spider (shapeshifter) (Vaults:5)
  3 oklob plants
  4 manticores
  35 black mambas
  A shining eye (shapeshifter) (Vaults:5)
  8 cyclopes
  19 naga magi
  2 water nymphs (Swamp:4)
  6 guardian serpents
  Maurice (D:8)
  21 vault sentinels
  16 elephants
  2 human skeletons (Vaults:2)
  3 smoke demons
  An unseen horror (shapeshifter) (Abyss:4)
  3 eyes of devastation
  2 torpor snails
  8 cane toads
  An orange demon (Abyss:4)
  13 rime drakes
  A white draconian zombie (Crypt:2)
  An unseen horror (D:11)
  4 kobold demonologists
  Maggie (D:6)
  A gargoyle (D:12)
  An efreet (D:12)
  8 freezing wraiths
  Psyche (D:12)
  14 komodo dragons
  A ghost moth simulacrum (Crypt:2)
  26 yaktaurs
  A sea snake zombie (Crypt:1)
  6 trolls
  3 ancient zymes (Lair:6)
  2 iron troll skeletons
  3 guardian mummies (Crypt:3)
  2 komodo dragons (shapeshifter)
  A red devil (Abyss:4)
  A grey draconian skeleton (Crypt:2)
  A tengu conjurer (D:13)
  7 polar bears
  A silent spectre (Crypt:2)
  A hydra zombie (Crypt:1)
  A meliai (shapeshifter) (Lair:6)
  7 meliai
  A polar bear (shapeshifter) (Lair:6)
  A wolf spider simulacrum (Crypt:2)
  9 tyrant leeches
  A bloated husk (Swamp:2)
  4 dream sheep (Lair:5)
  112 slime creatures
  14 hornets
  A stone giant simulacrum (Crypt:3)
  28 blink frogs
  2 raiju (Abyss:4)
  A fire dragon zombie (Crypt:2)
  A frost giant simulacrum (Crypt:3)
  2 guardian serpent skeletons
  8 flying skulls
  Sigmund (D:5)
  A fire dragon skeleton (Crypt:2)
  An ettin skeleton (Crypt:2)
  A ynoxinul (Abyss:4)
  An air elemental (Elf:2)
  5 shadows
  A centaur simulacrum (D:12)
  10 spriggans
  8 wraiths
  A wind drake zombie (Crypt:3)
  4 redbacks
  59 yaks
  5 water elementals
  4 wyverns
  A hog (shapeshifter) (Lair:6)
  15 golden eyes
  A neqoxec (Abyss:4)
  6 basilisks
  A fire elemental (Elf:3)
  A golden eye (shapeshifter) (Vaults:5)
  A gelid demonspawn zombie (Crypt:3)
  22 vampire mosquitoes
  A steam dragon (D:8)
  7 wargs
  43 nagas
  2 acid dragons
  14 swamp worms
  31 water moccasins
  A monstrous demonspawn skeleton (Crypt:2)
  15 swamp drakes
  An ogre skeleton (Vaults:2)
  12 small abominations
  A cane toad skeleton (Crypt:3)
  An ice dragon simulacrum (Crypt:3)
  2 black bears (D:10)
  41 orc warriors
  A sky beast (D:5)
  5 necrophages
  2 phantoms
  4 wolves (Lair:2)
  16 centaurs
  A dream sheep skeleton (Crypt:2)
  25 ogres
  2 lemures (D:5)
  A kobold brigand (D:7)
  24 bullfrogs
  4 elf zombies
  4 scorpions
  6 earth elementals
  A wyvern zombie (D:7)
  2 gnoll sergeants
  A wyvern skeleton (D:7)
  A water moccasin skeleton (D:3)
  13 wights
  16 killer bees
  2 oklob saplings (D:10)
  4 howler monkeys
  A bullfrog zombie (D:6)
  3 centaur zombies
  A human simulacrum (Vaults:2)
  5 starcursed masses (Abyss:4)
  A jelly (D:7)
  A centaur skeleton (D:7)
  19 orc priests
  A black bear skeleton (Crypt:1)
  A bullfrog skeleton (D:6)
  2 hounds
  2 gnoll shamans
  A scorpion zombie (D:5)
  An iguana (Lair:2)
  19 orc wizards
  5 lightning spires (Abyss:4)
  A sky beast zombie (Crypt:3)
  A tengu skeleton (Crypt:2)
  6 mummies (Crypt:3)
  A howler monkey skeleton (D:7)
  11 adders
  14 gnolls
  3 white imps
  A worm zombie (Crypt:3)
  An adder skeleton (Crypt:2)
  6 worms
  2 dart slugs
  83 orcs
  11 ball pythons
  11 bats
  8 endoplasms
  11 giant cockroaches
  6 goblins
  4 hobgoblins
  10 jackals
  7 quokkas
  A dart slug zombie (Crypt:1)
  A frilled lizard (Sewer)
  A frilled lizard skeleton (Crypt:3)
  22 kobolds
  An orc skeleton (Crypt:3)
  A rat (D:3)
  A starspawn tentacle (Abyss:4)
  4 tentacles (Abyss:4)
2080 creatures vanquished.

Vanquished Creatures (collateral kills)
  the Royal Jelly (Slime:5)
  A blizzard demon (Abyss:4)
  A yaktaur captain (Vaults:5)
  A vault guard (Vaults:5)
  3 hydras
  A two-headed ogre (D:8)
  A centaur warrior (Vaults:1)
  A spriggan druid (Swamp:2)
  A deep troll (Vaults:1)
  A swamp dragon (Swamp:4)
  An orc knight (Vaults:1)
  A yaktaur (Vaults:1)
  2 kobold demonologists (D:12)
  2 raiju (Abyss:4)
  A wyvern (D:8)
  A swamp drake (Swamp:4)
  A lightning spire (Abyss:4)
  A hobgoblin (Bailey)
  2 kobolds (D:12)
24 creatures vanquished.

Vanquished Creatures (others)
  A dread lich (Vaults:5)
  A hydra (Swamp:4)
  A vault guard (Vaults:5)
  2 deep elf knights (Elf:2)
  A goliath frog (Swamp:1)
  A wizard (Vaults:3)
  A smoke demon (Abyss:4)
  A yaktaur (Vaults:5)
  A rime drake (IceCv)
  3 bloated husks
  A hornet (Swamp:2)
  A slime creature (Slime:4)
  A water elemental (Elf:2)
  A human (Crypt:2)
  2 nagas (Snake:4)
  A swamp drake (Swamp:2)
  An orc priest (Orc:1)
  An orc wizard (D:9)
  An orc (D:9)
  12 foxfires
  29 fungi
  52 plants
  2 starspawn tentacles (Abyss:4)
  4 tentacles (Abyss:4)
122 creatures vanquished.

Grand Total: 2226 creatures vanquished

Notes
Turn   | Place    | Note
-------+----------+-------------------------------------------
     0 | D:1      | PidgeyThePirate the Minotaur Berserker began the quest for
                  | the Orb.
     0 | D:1      | Reached XP level 1. HP: 19/19 MP: 0/0
   277 | D:1      | Found a faded altar of an unknown god.
   285 | D:1      | Reached XP level 2. HP: 27/27 MP: 1/1
   288 | D:1      | Reached skill level 4 in Long Blades
   932 | D:2      | Reached XP level 3. HP: 32/33 MP: 2/2
  1568 | D:3      | Reached skill level 5 in Long Blades
  1568 | D:3      | Reached XP level 4. HP: 5/41 MP: 3/3
  2107 | D:3      | Found Joirha's Weapon Shoppe.
  2198 | D:3      | Reached XP level 5. HP: 47/47 MP: 4/4
  2628 | D:4      | Noticed a phantom
  2654 | D:4      | Killed a phantom
  2655 | D:4      | Reached skill level 6 in Long Blades
  2858 | D:4      | Reached ** piety under Trog
  2987 | D:4      | Reached XP level 6. HP: 53/53 MP: 5/5
  3419 | D:5      | Entered Level 5 of the Dungeon
  3468 | D:5      | Reached skill level 5 in Fighting
  3530 | D:5      | Noticed Sigmund
  3545 | D:5      | Killed Sigmund
  3546 | D:5      | Reached skill level 7 in Long Blades
  3546 | D:5      | Reached skill level 5 in Armour
  3546 | D:5      | Reached XP level 7. HP: 61/61 MP: 3/6
  3559 | D:5      | Noticed Pikel
  3595 | D:5      | Killed Pikel
  3596 | D:5      | Reached skill level 8 in Long Blades
  3596 | D:5      | Reached XP level 8. HP: 67/70 MP: 5/7
  3696 | D:5      | Found a radiant altar of Vehumet.
  3752 | D:5      | Found a glowing drain.
  3775 | Sewer    | Entered a sewer
  3934 | Sewer    | Reached *** piety under Trog
  4772 | D:6      | Found a staircase to the Ecumenical Temple.
  4774 | D:6      | Noticed Maggie
  4779 | D:6      | Reached skill level 9 in Long Blades
  4787 | D:6      | Killed Maggie
  4872 | D:6      | Reached XP level 9. HP: 79/79 MP: 8/8
  5020 | D:6      | Noticed a boulder beetle
  5040 | D:6      | Noticed a troll
  5067 | D:6      | Reached skill level 10 in Long Blades
  5201 | D:6      | Reached skill level 1 in Stealth
  5616 | D:6      | HP: 1/81 [boulder beetle (9)]
  5774 | D:7      | Reached **** piety under Trog
  5874 | D:7      | Reached skill level 5 in Dodging
  5939 | D:7      | Reached skill level 11 in Long Blades
  6356 | D:8      | Noticed Maurice
  6359 | D:8      | Noticed a two-headed ogre
  6386 | D:8      | Killed Maurice
  6387 | D:8      | Reached XP level 10. HP: 82/90 MP: 9/9
  6414 | D:8      | Noticed a centaur warrior
  6419 | D:8      | Found a snail-covered altar of Cheibriados.
  6423 | D:8      | Killed a centaur warrior
  6424 | D:8      | Reached skill level 12 in Long Blades
  6424 | D:8      | Reached skill level 1 in Shields
  6440 | D:8      | Killed a two-headed ogre
  6589 | D:8      | Found a white marble altar of Elyvilon.
  6617 | D:8      | Noticed Erica
  6630 | D:8      | Killed Erica
  6659 | D:8      | Reached skill level 13 in Long Blades
  7166 | D:9      | Reached skill level 10 in Fighting
  7237 | D:9      | Noticed a centaur warrior
  7246 | D:9      | Killed a centaur warrior
  7247 | D:9      | Reached XP level 11. HP: 100/100 MP: 10/10
  7304 | D:9      | Noticed a fire crab
  7320 | D:9      | Killed a fire crab
  7434 | D:9      | Noticed a two-headed ogre
  7442 | D:9      | Killed a two-headed ogre
  7458 | D:9      | Reached ***** piety under Trog
  7646 | D:9      | Found Ceupnoil's Armour Shoppe.
  7649 | D:9      | Found a staircase to the Orcish Mines.
  7677 | D:9      | Reached skill level 14 in Long Blades
  7728 | D:9      | Bought a +2 pair of boots for 198 gold pieces
  7728 | D:9      | Bought a +1 hat for 132 gold pieces
  8211 | D:10     | Entered Level 10 of the Dungeon
  8230 | D:10     | Found a staircase to the Lair.
  8293 | D:10     | Found a flagged portal.
  8304 | Bailey   | Entered a bailey
  8316 | Bailey   | Noticed an orc warlord
  8353 | Bailey   | Received a gift from Trog
  8379 | Bailey   | Found a runed translucent gate.
  8385 | Bailey   | Found a runed translucent gate.
  8387 | Bailey   | Found a runed translucent gate.
  8745 | Bailey   | Killed an orc warlord
  8746 | Bailey   | Reached skill level 1 in Throwing
  8784 | Bailey   | Reached skill level 10 in Armour
  8784 | Bailey   | Reached XP level 12. HP: 110/110 MP: 11/11
  8785 | Bailey   | Acquired a manual of Dodging
  8789 | Bailey   | Acquired 771 gold pieces
  8793 | Bailey   | Acquired a manual of Armour
  8862 | D:10     | Noticed a two-headed ogre
  8868 | D:10     | Killed a two-headed ogre
  8934 | D:10     | Found Muvug's Antique Armour Shop.
  8946 | D:10     | Bought a runed scale mail for 231 gold pieces
  8946 | D:10     | Bought an embroidered scarf for 264 gold pieces
  9014 | D:10     | Noticed Sonja
  9042 | D:10     | Killed Sonja
  9538 | D:10     | Paralysed by a hornet for 2 turns
  9553 | D:10     | Reached XP level 13. HP: 82/118 MP: 12/12
 10585 | D:12     | Noticed a fire giant
 10586 | D:12     | Received a gift from Trog
 10664 | D:12     | Noticed Psyche
 10703 | D:12     | Killed Psyche
 10885 | D:12     | Noticed Urug
 10900 | D:12     | Killed Urug
 10950 | D:12     | Found a flickering gateway to a bazaar.
 10960 | Bazaar   | Entered a bazaar
 10981 | Bazaar   | Found Emek's Antique Weapon Shoppe.
 10981 | Bazaar   | Found Zouposhru's Antique Armour Emporium.
 11004 | Bazaar   | Found Rorakib's Antique Weapon Shoppe.
 11027 | Bazaar   | Found Ufaezeuth's Assorted Antiques.
 11066 | Bazaar   | Bought a silver ring for 90 gold pieces
 11125 | Bazaar   | Bought a pair of glowing gloves for 105 gold pieces
 11131 | Bazaar   | Bought a pitted long sword for 204 gold pieces
 11131 | Bazaar   | Identified the +7 long sword "Mufo Kank" {freeze, rPois}
                  | (You bought it in a shop in a bazaar)
 11296 | D:12     | Killed a fire giant
 11297 | D:12     | Reached skill level 15 in Long Blades
 11297 | D:12     | Reached skill level 15 in Dodging
 11442 | D:12     | Identified the +9 rapier "Relluwn" {vorpal, *Noise Int-3
                  | Dex+6 SInv}
 12202 | D:13     | Reached XP level 14. HP: 101/130 MP: 13/13
 12684 | D:13     | Found a gate to the Vaults.
 12798 | D:14     | Found a shimmering altar of Xom.
 12799 | D:14     | Found a shimmering altar of Xom.
 12799 | D:14     | Found a shimmering altar of Xom.
 12799 | D:14     | Found a shimmering altar of Xom.
 12800 | D:14     | Found a shimmering altar of Xom.
 12802 | D:14     | Found a shimmering altar of Xom.
 12803 | D:14     | Found a shimmering altar of Xom.
 12996 | D:14     | Identified the +10 falchion of the Blessed Realm
                  | {antimagic, Fly rC- Int+3}
 13078 | D:14     | Identified the +1 robe "Vopneesa" {rF+ rN+ Will+}
 13201 | D:14     | You fall into a shaft and drop 1 floor!
 13201 | D:15     | Entered Level 15 of the Dungeon
 13428 | D:15     | Identified the +2 robe "Ycwautuo" {Will+ Str+4 Dex+4}
 13588 | D:15     | Reached skill level 15 in Fighting
 13652 | D:15     | Reached skill level 16 in Long Blades
 13748 | D:15     | Noticed Rupert
 13750 | D:15     | Paralysed by Rupert for 6 turns
 13785 | D:15     | Killed Rupert
 13987 | D:15     | Found a bloodstained altar of Trog.
 14059 | D:15     | Found Ciochiff's Magic Scroll Shoppe.
 14489 | D:15     | Found a staircase to the Depths.
 14612 | D:14     | Reached XP level 15. HP: 145/145 MP: 14/14
 15038 | Lair:1   | Entered Level 1 of the Lair of Beasts
 16190 | Lair:2   | Found a staircase to the Swamp.
 16221 | Lair:2   | Reached ****** piety under Trog
 16353 | Lair:2   | Reached skill level 15 in Armour
 16431 | Lair:2   | Found a gate leading to a gauntlet.
 16437 | Lair:2   | Identified the +9 quarterstaff "Ocur Enk" {vorpal, rC+}
                  | (Trog gifted it to you on level 2 of the Lair of Beasts)
 16437 | Lair:2   | Received a gift from Trog
 16456 | Gauntlet | Entered a Gauntlet
 16456 | Gauntlet | Found a runed translucent door.
 16456 | Gauntlet | Found a transporter.
 16456 | Gauntlet | Found a runed translucent door.
 16456 | Gauntlet | Found a transporter.
 16470 | Gauntlet | Found a transporter.
 16491 | Gauntlet | Found a transporter.
 16491 | Gauntlet | Found a transporter.
 16492 | Gauntlet | Found a transporter.
 16494 | Gauntlet | Found a transporter.
 16494 | Gauntlet | Found a transporter.
 16513 | Gauntlet | Found a transporter.
 16529 | Gauntlet | Found a transporter.
 16539 | Gauntlet | Found a transporter.
 16544 | Gauntlet | Found a transporter.
 16585 | Gauntlet | Found a transporter.
 16602 | Gauntlet | Found a transporter.
 16682 | Gauntlet | Identified the -5 pair of boots of Minor Irritation {Int+4}
 17524 | Lair:3   | You fall into a shaft and drop 3 floors!
 17524 | Lair:6   | Entered Level 6 of the Lair of Beasts
 18433 | Lair:6   | Reached skill level 17 in Long Blades
 18657 | Lair:6   | Identified the +1 long sword of the Pharaoh's Fist {vorpal,
                  | rN+ Dex+7} (Trog gifted it to you on level 6 of the Lair of
                  | Beasts)
 18657 | Lair:6   | Received a gift from Trog
 18779 | Lair:6   | Found a corrupted altar of Lugonu.
 18779 | Lair:6   | Found a one-way gate to the infinite horrors of the Abyss.
 18859 | Lair:6   | Reached XP level 16. HP: 159/159 MP: 15/15
 19170 | Lair:6   | Found a staircase to the Slime Pits.
 19171 | Lair:6   | Found a viscous altar of Jiyva.
 19281 | Lair:6   | Found the +4 dagger "Morg" {pain, Will+ Int+5}
 19373 | Lair:6   | Found the +3 pair of seven-league boots {Rampage+∞}
 20235 | Lair:4   | Received a gift from Trog
 20236 | Lair:4   | Found the +11 plutonium sword {Contam Stlth-}
 20238 | Lair:4   | Reached skill level 18 in Long Blades
 20280 | Lair:4   | Found a staircase to the Snake Pit.
 20304 | Lair:4   | Found the +10 tower shield of Ignorance {rN+ Int-4}
 21158 | Lair:3   | Noticed Gastronok
 21164 | Lair:3   | Killed Gastronok
 21840 | Orc:1    | Entered Level 1 of the Orcish Mines
 21861 | Orc:1    | Received a gift from Trog
 21881 | Orc:1    | Found Maech's Antique Armour Emporium.
 21949 | Orc:2    | Entered Level 2 of the Orcish Mines
 21989 | Orc:1    | Noticed Snorg
 21998 | Orc:1    | Killed Snorg
 22039 | Orc:1    | Found a runed translucent door.
 22039 | Orc:1    | Noticed BoldKobold's ghost (journeyman TrHu)
 22202 | Orc:1    | Noticed Fannar
 22216 | Orc:1    | Killed Fannar
 22367 | Orc:1    | Killed BoldKobold's ghost
 22374 | Orc:1    | Identified the +6 falchion "Giantbane" {vorpal, rElec}
 22637 | Orc:2    | Paralysed by an orc sorcerer for 4 turns
 22788 | Orc:2    | Received a gift from Trog
 22970 | Orc:2    | Found Noiblil's Distillery.
 22970 | Orc:2    | Found Xueddurenn's Book Boutique.
 22971 | Orc:2    | Found Lextyuv's Book Boutique.
 22971 | Orc:2    | Found Biliow's General Store.
 22979 | Orc:2    | Bought a manual of Long Blades for 1120 gold pieces
 22982 | Orc:2    | Bought a potion of heal wounds for 85 gold pieces
 22982 | Orc:2    | Bought a potion of invisibility for 136 gold pieces
 22982 | Orc:2    | Bought a potion of invisibility for 136 gold pieces
 22982 | Orc:2    | Bought a potion of curing for 51 gold pieces
 22982 | Orc:2    | Bought a potion of curing for 51 gold pieces
 22982 | Orc:2    | Bought 2 potions of curing for 102 gold pieces
 22984 | Orc:2    | Bought a potion of haste for 140 gold pieces
 22989 | Orc:2    | Found a staircase to the Elven Halls.
 23392 | Elf:1    | Entered Level 1 of the Elven Halls
 23411 | Elf:1    | Reached skill level 19 in Long Blades
 23415 | Elf:1    | Reached XP level 17. HP: 170/170 MP: 16/16
 23524 | Elf:1    | Noticed Louise
 23543 | Elf:1    | Killed Louise
 24402 | Elf:2    | Reached skill level 20 in Long Blades
 24774 | Elf:2    | Reached skill level 21 in Long Blades
 24775 | Elf:2    | Received a gift from Trog
 24989 | Elf:2    | Found a runed translucent gate.
 24989 | Elf:2    | Found a runed translucent gate.
 24989 | Elf:2    | Found a runed translucent gate.
 25294 | Elf:2    | Reached skill level 22 in Long Blades
 25722 | Elf:3    | Entered Level 3 of the Elven Halls
 26290 | Elf:3    | Reached skill level 23 in Long Blades
 26416 | Elf:3    | Reached XP level 18. HP: 182/182 MP: 17/17
 26474 | Elf:3    | Cast into level 3 of the Abyss (a deep elf sorcerer)
 26545 | Elf:3    | Escaped the Abyss
 26976 | Elf:3    | Noticed a Brimstone Fiend
 27043 | Elf:3    | Identified the +5 glaive "Duxzatoq" {flame, rF- Str+3
                  | Dex+6}
 27043 | Elf:3    | Identified the ring "Gajih" {Wiz *Corrode rPois rF+++
                  | Str+4}
 27396 | Elf:3    | Received a gift from Trog
 28311 | Elf:3    | Reached skill level 24 in Long Blades
 28324 | Elf:3    | Cast into level 3 of the Abyss (a deep elf demonologist)
 28445 | Abyss:4  | Got an abyssal rune of Zot
 28451 | Abyss:4  | Gained mutation: You are weak. (Str -2) [a neqoxec]
 28459 | Abyss:4  | Noticed a Hell Sentinel
 28475 | Abyss:4  | Killed a Hell Sentinel
 28564 | Elf:3    | Escaped the Abyss
 28968 | Elf:3    | Noticed an Ice Fiend
 29063 | Elf:3    | Received a gift from Trog
 29107 | Elf:3    | Identified the +0 ring mail of Divine the Leaf {Contam
                  | Will+ Str+3}
 29149 | Elf:3    | Reached skill level 5 in Throwing
 29149 | Elf:3    | Reached skill level 1 in Evocations
 29802 | Temple   | Entered the Ecumenical Temple
 29815 | Temple   | Lost mutation: You are weak. (Str -2) [potion of mutation]
 29815 | Temple   | Gained mutation: You are robust. (+10% HP) [potion of
                  | mutation]
 29815 | Temple   | Gained mutation: You are covered in fur. (AC +1) [potion of
                  | mutation]
 30001 | Swamp:1  | Entered Level 1 of the Swamp
 30215 | Swamp:1  | Reached skill level 5 in Shields
 30257 | Swamp:1  | Identified the +0 scale mail of Agnosticism {*Corrode
                  | Will++ Str+5}
 30454 | Swamp:1  | Found a glowing silver altar of Zin.
 30602 | Swamp:2  | Reached XP level 19. HP: 211/214 MP: 18/18
 30656 | Swamp:2  | Received a gift from Trog
 30809 | Swamp:2  | Found a frozen archway.
 30839 | IceCv    | Entered an ice cave
 31210 | IceCv    | Reached skill level 10 in Shields
 31485 | Swamp:2  | Paralysed by a fenstrider witch for 2 turns
 32633 | Swamp:3  | Noticed Bai Suzhen
 32659 | Swamp:3  | Killed Bai Suzhen
 32949 | Swamp:3  | Identified the ring "Qiqid" {+Blink rPois Will+ Slay+2}
 33115 | Swamp:4  | Entered Level 4 of the Swamp
 33205 | Swamp:4  | Received a gift from Trog
 33208 | Swamp:4  | Reached skill level 5 in Evocations
 33354 | Swamp:4  | Got a decaying rune of Zot
 33642 | Swamp:4  | Acquired 705 gold pieces
 33678 | Swamp:4  | Reached XP level 20. HP: 212/223 MP: 19/19
 34001 | Snake:1  | Entered Level 1 of the Snake Pit
 34022 | Snake:1  | Received a gift from Trog
 35067 | Snake:1  | You fall into a shaft and drop 1 floor!
 35079 | Snake:2  | Reached skill level 15 in Shields
 35414 | Snake:2  | Received a gift from Trog
 36178 | Snake:3  | Noticed Vashnia
 36208 | Snake:3  | Killed Vashnia
 36854 | Snake:4  | Entered Level 4 of the Snake Pit
 37023 | Snake:4  | Received a gift from Trog
 37514 | Snake:4  | Got a serpentine rune of Zot
 37652 | Snake:4  | Reached XP level 21. HP: 211/232 MP: 20/20
 38005 | Vaults:1 | Entered Level 1 of the Vaults
 38303 | Vaults:1 | Received a gift from Trog
 38882 | Vaults:1 | Received a gift from Trog
 39070 | Vaults:1 | Found a runed translucent gate.
 39070 | Vaults:1 | Found a runed translucent gate.
 39070 | Vaults:1 | Found a runed translucent gate.
 39071 | Vaults:1 | Found an opulent altar of Gozag.
 39072 | Vaults:1 | Noticed royokou's ghost (veteran MiFi)
 39090 | Vaults:1 | Found Arouvvan's Assorted Antiques.
 39218 | Vaults:1 | Reached skill level 10 in Evocations
 40278 | Vaults:2 | Received a gift from Trog
 40346 | Vaults:2 | Found Naankun's Antique Armour Boutique.
 40356 | Vaults:2 | Bought a dazzling scale mail for 432 gold pieces
 40356 | Vaults:2 | Identified the +7 scale mail "Yffiamih" {rN+ Slay+5} (You
                  | bought it in a shop on level 2 of the Vaults)
 40881 | Vaults:3 | Reached XP level 22. HP: 242/242 MP: 21/21
 41072 | Vaults:3 | Reached skill level 10 in Throwing
 41461 | Vaults:3 | Received a gift from Trog
 41494 | Vaults:3 | Found Tosos's Armour Emporium.
 41745 | Vaults:3 | Found a staircase to the Crypt.
 42800 | Vaults:4 | Received a gift from Trog
 43020 | Vaults:4 | Reached skill level 15 in Throwing
 44093 | Crypt:1  | Entered Level 1 of the Crypt
 44093 | Crypt:1  | Noticed Xtahua
 44099 | Crypt:1  | Killed Xtahua
 44174 | Crypt:1  | Received a gift from Trog
 45412 | Crypt:2  | Reached XP level 23. HP: 224/248 MP: 22/22
 45502 | Crypt:2  | Received a gift from Trog
 45569 | Crypt:2  | Reached XP level 24. HP: 239/258 MP: 22/22
 45633 | Crypt:2  | Found a runed door.
 46080 | Crypt:2  | Noticed an ancient lich
 46090 | Crypt:2  | Killed an ancient lich
 46106 | Crypt:2  | Identified the ring of Riwo {Fly rC- Slay+3 SInv Stlth+}
 46136 | Crypt:2  | Identified the amulet of Bibelipy {Faith rElec Dex+3}
 46138 | Crypt:2  | Identified the ring "Wuro" {MP+9 Str+6}
 46654 | Crypt:3  | Entered Level 3 of the Crypt
 46658 | Crypt:3  | Received a gift from Trog
 46972 | Crypt:3  | Reached skill level 15 in Evocations
 47661 | Crypt:3  | Found a staircase to the Tomb.
 47910 | Crypt:3  | HP: 13/387 [deathcap/drain life[a curse toe] (11)]
 49207 | Crypt:3  | Noticed an ancient lich
 49208 | Crypt:3  | Noticed an ancient lich
 49251 | Crypt:3  | Identified the +1 pair of boots "Wusuguo" {-Tele rElec
                  | rCorr Str+4}
 49262 | Crypt:3  | Killed an ancient lich
 49262 | Crypt:3  | Received a gift from Trog
 49272 | Crypt:3  | Killed an ancient lich
 49766 | Slime:1  | Entered Level 1 of the Pits of Slime
 49768 | Slime:1  | Gained mutation: You are weak. (Str -2) [a shining eye]
 49770 | Slime:1  | Gained mutation: You occasionally shout uncontrollably at
                  | your foes. [a shining eye]
 50859 | Slime:2  | Received a gift from Trog
 51680 | Slime:5  | Entered Level 5 of the Pits of Slime
 51731 | Slime:4  | Reached XP level 25. HP: 267/267 MP: 22/22
 52013 | Slime:5  | Lost mutation: You are robust. (+10% HP) [a shining eye]
 52379 | Slime:5  | Noticed the Royal Jelly
 52583 | Slime:5  | Found a viscous altar of Jiyva.
 52876 | Slime:5  | Killed the Royal Jelly
 52928 | Slime:5  | Identified the +8 hunting sling "Daicuku" {venom, rC+ rN+}
 53023 | Slime:5  | Got a slimy rune of Zot
 53512 | Vaults:1 | Killed royokou's ghost
 53512 | Vaults:1 | Received a gift from Trog
 53553 | Vaults:1 | Bought a potion of haste for 240 gold pieces
 53553 | Vaults:1 | Bought a potion of resistance for 240 gold pieces
 53553 | Vaults:1 | Bought a scroll of holy word for 180 gold pieces
 53553 | Vaults:1 | Bought 2 scrolls of holy word for 360 gold pieces
 53553 | Vaults:1 | Bought a potion of cancellation for 192 gold pieces
 53786 | Vaults:5 | Entered Level 5 of the Vaults
 53933 | Vaults:5 | Noticed an ancient lich
 53954 | Vaults:5 | Killed an ancient lich
 54356 | Vaults:5 | Noticed a dread lich
 54372 | Vaults:5 | Killed a dread lich
 54505 | Vaults:5 | Received a gift from Trog
 54509 | Vaults:5 | Reached XP level 26. HP: 250/250 MP: 21/22
 54638 | Vaults:5 | Noticed an ancient lich
 54644 | Vaults:5 | Noticed a dread lich
 54861 | Vaults:5 | Identified the +0 scale mail "Ylloj" {Dex+2}
 54873 | Vaults:5 | Identified the +1 plate armour "Douhapp" {rCorr Dex-5 SInv}
 54894 | Vaults:5 | Identified the +5 scale mail of Uzosuat {rPois Int+4
                  | Slay+2}
 54896 | Vaults:5 | Identified the +0 pair of gloves of Wu Jian's Approval
                  | {Dex+2}
 54987 | Vaults:5 | Identified the +2 ring mail of Ypalan {Int+4}
 55207 | Vaults:5 | Got a silver rune of Zot
 55411 | Vaults:5 | Identified the +8 fustibalus of Gaet {flame, +Blink rF-
                  | Int+5}
 55726 | Vaults:5 | Killed from afar by an ancient lich

Illustrated notes

Levels and vault maps discovered:
D:1:      amcnicky_arrival_choice, layout_loops_ring,
          ebering_ecumenical_altar_petrified
D:2:      layout_loops_cross, cheibrodos_gnoll_hut
D:3:      layout_basic, serial_shops, shop
D:4:      layout_basic
D:5:      layout_cave_pools, mainiacjoe_overflow_tiny_flanked,
          gup_sewer_entry_pipe, grunt_ministairs_6, grunt_decor_clamped,
          uniq_pikel, uniq_sigmund
D:6:      layout_loops_ring, minmay_temple_entry_mini_moons, kennysheep_potato,
          uniq_maggie
D:7:      layout_rooms
D:8:      layout_rooms, hangedman_feature_mirror, minmay_puff, uniq_maurice,
          uniq_erica
D:9:      cheibrodos_fzero, layout_stronghold, orc_david_3
D:10:     layout_long_grid, david_lair_generic, enter_bailey_7, serial_shops,
          shop, introduction_to_nature_1, uniq_sonja
D:11:     layout_cave_pools
D:12:     evilmike_diamond_2, layout_rooms, serial_shops, bzr_entry_lakeside,
          uniq_psyche, uniq_urug
D:13:     layout_gridville, erik_vaults_2, serial_glass, glass_columns_a,
          glass_columns_a, glass_columns_b, glass_columns_b, glass_columns_b,
          glass_columns_b, minmay_misc_feat_rugged, serial_bayou_pond_b,
          grunt_ministairs_8
D:14:     layout_basic, xom_redecorated, kennysheep_generic_room_2
D:15:     hangedman_depths_entry_try_elsewhere_first, layout_grid_maze,
          serial_shops, nicolae_square_shop, minmay_misc_feat_encased,
          trog_ov_bears_minmay, uniq_rupert
Temple:   nicolae_temple_the_god_donut
Lair:1:   wad_woods_04, layout_layer_cave
Lair:2:   layout_chaotic_city, minmay_swamp_entry_reptiles, enter_volcano_2,
          gauntlet_entry_generic, chequers_serial_rivers_micro_d,
          amcnicky_mini_pool_medium
Lair:3:   layout_concentric_octagons, st_stairs_10, infiniplex_staircase_pool_2,
          minmay_lair_oklob_chamber, uniq_gastronok
Lair:4:   layout_long_grid, dummy_snake_entry
Lair:5:   beast_lair_carwin_large_3, layout_gridlike, serial_bayou_shore_a
Lair:6:   hellmonk_lair_end_abyssal_woods, layout_regular_city, slime_altar_1,
          hellmonk_guarded_unrand_seven_league_boots
Swamp:1:  layout_falls_marsh, nicolae_swamp_godswood, infiniplex_staircase_pool
Swamp:2:  layout_basic_swamp, portal_ice_cave_entry_ugly_swarm,
          evilmike_swamp_ruin_house_3, swamp_pool1, nicolae_swamp_super_fun_site
Swamp:3:  layout_basic_swamp, evilmike_swamp_ruin_wall, uniq_bai_suzhen
Swamp:4:  swamp, layout_basic_swamp, swamp_pool5,
          nicolae_swamp_nymph_family_reunion
Snake:1:  layout_honeycomb, st_stairs_7
Snake:2:  layout_basic, st_stairs_6, serial_bayou_crossing
Snake:3:  layout_rooms, nicolae_snake_gridmaze_zigzag, nicolae_snake_squiggles,
          uniq_vashnia
Snake:4:  snake_pit, layout_misc_corridors, serial_bayou_pond_a,
          lemuel_fruit_tree
Slime:1:  layout_caves
Slime:2:  layout_caves
Slime:3:  layout_caves
Slime:4:  layout_caves
Slime:5
Orc:1:    layout_caves, gammafunk_ghost_grave, serial_shops, nicolae_shop_stone,
          basic_altar, uniq_fannar, uniq_snorg
Orc:2:    st_orc_ogre_mass, layout_diamond_mine, basic_altar
Elf:1:    layout_gridlike, minmay_elf_necromancy, billiards_dpeg, uniq_louise
Elf:2:    nicolae_elf_blades_splatter_lattice [nicolae_blade_bullseye],
          layout_geoelf_octagon, minmay_strange_pillars, guppyfry_elf_garden
Elf:3:    minmay_elf_hall_x, layout_geoelf_octagon,
          ebering_dispersal_statue_hall
Vaults:1: ebering_vaults_ghost_gozag, v_rooms_6, v_misc_5,
          nicolae_vaults_rhombus_6, v_misc_1, hangedman_vaults_maws,
          vaults_room_pools, v_misc_9, nicolae_vaults_c_with_doors,
          nicolae_vaults_sealed_display, vaults_room_grid,
          nicolae_vaults_big_angled_halls, vaults_dpeg_hooks,
          vaults_room_hallway, v_misc_8, layout_vaults_maze_snakey
Vaults:2: nicolae_vaults_mini_display_case, ontoclasm_vaults_eye, v_misc_9,
          grunt_vaults_hallway_short, special_room_vaults [special_room_orc],
          layout_vaults_ring, serial_shops, nicolae_lakefront_shop
Vaults:3: grunt_vaults_focal, minmay_crypt_entry_simple_round,
          nicolae_vaults_network_star, vaults_room_semicircle, v_alt_pattern_5,
          nicolae_vaults_alarming, v_pattern_3, vaults_mumra_chevron,
          layout_vaults_quadrants, serial_shops, nicolae_shop_crystal
Vaults:4: vaults_mumra_lcd, ontoclasm_vaults_ligature, st_squares,
          nicolae_vaults_little_ls, v_misc_4, hangedman_vaults_variations,
          v_misc_4, dpeg_vaults_monster_row, nicolae_vaults_border_crossing,
          nicolae_vaults_ring_of_whatevers, nicolae_vaults_yaktaur_gun_rack,
          layout_vaults_chaotic_city
Vaults:5: serial_shops
Crypt:1:  layout_chaotic_city, uniq_xtahua
Crypt:2:  evilmike_wizard_prison, layout_regular_city, st_small_mortuary
Crypt:3:  david_glass_crypt, layout_gridlike, tomb_entry_moat_badplayer,
          minmay_misc_feat_columns

Skill      XL: |  1  2  3  4  5  6  7  8  9 10 11 12 13 14 15 16 17 18 19 20 21 22 23 24 25 26 |
---------------+-------------------------------------------------------------------------------+-----
Long Blades    | 4 5 6 7 8 9 11 13 14 15 16 17 19 23 24 | 24.0
Fighting       | 4 5 7 8 10 11 12 13 16 18 20 21 23 | 23.0
Armour         | 3 4 5 6 8 10 11 14 16 17 20 22 | 22.0
Dodging        | 3 4 5 7 11 12 15 16 17 18 20 21 22 | 22.0
Stealth        | 1 |  1.0
Shields        | 2 4 5 14 15 | 15.0
Throwing       | 1 2 4 5 9 16 | 16.0
Evocations     | 2 5 12 13 16 18 19 | 19.6

Action                   |  1- 3 |  4- 6 |  7- 9 | 10-12 | 13-15 | 16-18 | 19-21 | 22-24 | 25-27 || total
-------------------------+-------+-------+-------+-------+-------+-------+-------+-------+-------++-------
Melee: Falchion          |    46 |    98 |   242 |       |       |       |       |       |       ||   386
       Headbutt          |    11 |    22 |    74 |    66 |   333 |   382 |   611 |   465 |   256 ||  2220
       Scimitar          |       |       |    40 |   280 |   233 |     3 |       |       |       ||   556
       Long sword        |       |       |       |       |   688 |  1120 |       |       |       ||  1808
       Demon blade       |       |       |       |       |       |    88 |  1678 |  1221 |   683 ||  3670
Throw: Boomerang         |       |       |       |    33 |     7 |       |       |     8 |       ||    48
Invok: Berserk           |       |     5 |     8 |    10 |    15 |     8 |     7 |     5 |     3 ||    61
       Trog's Hand       |       |     2 |     1 |     1 |     1 |     2 |     3 |     2 |     7 ||    19
       Brothers in Arms  |       |       |       |     2 |     2 |     2 |     5 |       |     7 ||    18
Evoke: Wand              |       |       |       |       |     1 |       |     2 |     2 |     1 ||     6
       Condenser vane    |       |       |       |       |       |     1 |       |       |     2 ||     3
  Use: Scroll            |       |     1 |     8 |     7 |    20 |    19 |     3 |     2 |     2 ||    62
       Potion            |       |       |     2 |     5 |     2 |     8 |     2 |     2 |     5 ||    26
 Stab: Sleeping          |       |       |       |       |     1 |     1 |       |       |       ||     2
       Invisible         |       |       |       |       |       |       |       |       |     3 ||     3
Armor: Ring mail         |    14 |    22 |       |       |       |       |       |       |       ||    36
       Animal skin       |     1 |       |       |       |       |       |       |       |       ||     1
       Chain mail        |       |    17 |    75 |       |       |       |       |       |       ||    92
       Steam dragon scal |       |       |    56 |   141 |   347 |   368 |   449 |       |       ||  1361
       Scale mail        |       |       |       |       |       |       |    25 |   332 |   189 ||   546
Dodge: Dodged            |    34 |    41 |   160 |   265 |   745 |   792 |  1153 |   453 |   289 ||  3932
Block: Buckler           |       |       |     4 |    82 |   195 |   197 |   206 |       |       ||   684
       Kite shield       |       |       |       |       |       |       |   852 |   824 |   395 ||  2071
       Reflection        |       |       |       |       |       |       |    85 |    32 |    13 ||   130
       Rpst.: Falchion   |     7 |    15 |    32 |       |       |       |       |       |       ||    54
       Scimitar          |       |       |     8 |    43 |    56 |       |       |       |       ||   107
       Long sword        |       |       |       |       |   134 |   142 |       |       |       ||   276
       Demon blade       |       |       |       |       |       |    12 |   194 |    92 |    50 ||   348
